 Dungeon Crawl Stone Soup version 0.32-a0-576-g706899e69d (webtiles) character file.

Game seed: 5615548704727344704

1 hikkokomori the Firebug (level 1, 19/19 HPs)
             Began as a Mountain Dwarf Cinder Acolyte on Mar 1, 2024.
             Was a High Priest of Ignis.
             Got out of the dungeon alive.
             The game lasted 00:00:37 (56 turns).

hikkokomori the Firebug (MDCA)                        Turns: 56, Time: 00:00:38

Health: 19/19      AC:  2    Str: 16    XL:     1   Next: 16%
Magic:  2/2        EV: 11    Int: 14    God:    Ignis [*****.]
Gold:   0          SH:  0    Dex:  5    Spells: 2/2 levels left

rFire   + . .        a - -1 mace (flame)
rCold   . . .        (no shield)
rNeg    . . .        b - +0 robe
rPois   .            (no helmet)
rElec   .            (no cloak)
rCorr   .            (no gloves)
SInv    .            (no boots)
Will    .....        (no amulet)
Stlth   +            (no ring)
HPRegen 0.23/turn    (no ring)
MPRegen 0.08/turn

%: no passive effects
@: no status effects
A: runic magic, artefact enchanting
a: Renounce Religion, Fiery Armour, Foxfire Swarm, Rising Flame


You escaped.
You worshipped Ignis.
Ignis was extremely pleased with you.
You visited 1 branch of the dungeon, and saw 1 of its levels.

Inventory:

Hand Weapons
 a - a -1 mace of flaming (weapon)
Armour
 b - a +0 robe (worn)


   Skills:
 + Level 3.3 Fighting
 + Level 3.6 Maces & Flails
 + Level 1.0 Spellcasting
 + Level 3.6 Fire Magic


You had 2 spell levels left.
You didn't know any spells.
Your spell library contained the following spells:

 Spells                   Type           Power      Damage    Failure   Level
 Scorch                   Fire           20%        2d5       9%          2


Dungeon Overview and Level Annotations

Branches:
Dungeon (1/15)

Altars:


Innate Abilities, Weirdness & Mutations

Your spellcasting is much less encumbered by armour.
You can use scrolls of enchantment on lesser artefacts.


Message History

Welcome, hikkokomori the Mountain Dwarf Cinder Acolyte.
Are you destined to find the magnificent Orb of Zot, or to die trying?
The flames of Ignis gently warm you.
Press ? for a list of commands and other information.
Found two stairs.
A goblin comes into view. It is wielding a +0 dagger.
The goblin shouts!
You barely miss the goblin. The goblin hits you but does no damage.
You barely miss the goblin. The goblin hits you with a +0 dagger.
You hit the goblin. You burn the goblin.
The goblin is heavily wounded.
The goblin hits you with a +0 dagger.
You are too injured to fight recklessly!
You are too injured to fight recklessly!
You are too injured to fight recklessly!
You are too injured to fight recklessly!
You are too injured to fight recklessly!
You are too injured to fight recklessly!
You are too injured to fight recklessly!
You are too injured to fight recklessly!
You are too injured to fight recklessly!
You are too injured to fight recklessly!
You are too injured to fight recklessly!
You are too injured to fight recklessly!
You are too injured to fight recklessly!
A goblin is nearby!
You closely miss the goblin.
The goblin is heavily wounded.
The goblin barely misses you. The goblin misses you.
You closely miss the goblin.
The goblin is heavily wounded.
The goblin closely misses you.
You hit the goblin. You burn the goblin.
You kill the goblin!
You see here a +0 dagger.
HP restored.
There is a staircase leading out of the dungeon here.
You have escaped!

#....###.#.#
##≈≈≈≈≈≈~≈≈≈##
##≈≈≈≈≈≈~≈≈≈≈≈##
##≈≈≈≈≈≈≈~≈≈≈≈≈≈. #+#
#≈≈≈ß≈≈≈≈≈~≈≈ß≈≈≈
#.####≈≈≈≈≈≈≈≈≈≈~≈≈≈≈≈
#.#...≈≈≈≈...≈≈≈~≈≈≈≈≈
###.#.##.≈≈.≈≈≈.≈≈~≈≈≈≈≈
.#....##≈..≈≈≈≈.@~≈≈≈≈≈≈
......##≈≈≈≈≈≈~>.≈≈≈≈..≈
.#...###≈≈≈≈≈~≈≈.≈≈≈.≈≈.
.##.## #≈≈≈≈≈~≈≈≈...≈≈≈≈
###.####≈≈≈≈≈~≈≈≈≈≈≈≈≈≈≈
........≈≈≈ß≈≈~≈≈≈≈≈ß≈≈≈
###.#####≈≈≈≈≈≈~≈≈≈≈≈≈≈#
#.# ##≈≈≈≈≈~≈≈≈≈≈≈## #.#


There were no monsters in sight!

Vanquished Creatures
  A goblin (D:1)
1 creature vanquished.

Notes
Turn   | Place    | Note
-------+----------+-------------------------------------------
     0 | D:1      | hikkokomori the Mountain Dwarf Cinder Acolyte began the
                  | quest for the Orb.
     0 | D:1      | Reached XP level 1. HP: 19/19 MP: 2/2
    56 | D:$      | Got out of the dungeon alive.

Illustrated notes

Levels and vault maps discovered:
D:1:      nzn_arrival_water_spiral, layout_loops_corners, serial_glass,
          glass_columns_a, glass_columns_c

Action                     || total
---------------------------++-------
  Melee: Mace              ||     6
 Armour: Robe              ||     3
  Dodge: Dodged            ||     3

Table legend: (Time is in decaauts)
 A = Elapsed time spent in this place.
 B = Non-inter-level travel time spent in this place.
 C = Inter-level travel time spent in this place.
 D = Time resting spent in this place.
 E = Time spent auto-exploring this place.
 F = Levels seen in this place.
 G = Mean time per level.
                   A        B        C        D        E       F      G
               +--------+--------+--------+--------+--------+-----+--------+
         Total |     57 |     44 |     13 |      0 |     24 |   1 |   57.0 |
       Dungeon |     57 |     44 |     13 |      0 |     24 |   1 |   57.0 |
               +--------+--------+--------+--------+--------+-----+--------+

Top non-repeatable levels by time:
     D:1: 57 daAuts
